Comets vs Rampage

Created - Thursday, March 03, 2016 at 03:13

Goals
1 2 3 T
Comets 0 0 1 1
Rampage 0 1 1 2
Shots
1 2 3 T
Comets 6 8 5 19
Rampage 10 5 12 27

1st period

No Goal

Penalties :
No Penalty

2nd period

1. Rampage , Connor Brickley 5 (Daniel Briere) at 4:01

Penalties :
Jared Boll (UTI) for Roughing (Minor) at 1:21, Jared Boll (UTI) for Tripping (Minor) at 4:13, Tomas Kundratek (SAN) for Fighting (Major) at 6:30, Jared Boll (UTI) for Fighting (Major) at 6:30, Connor Brickley (SAN) for Hooking (Minor) at 10:01, Dillon Simpson (SAN) for Hooking (Minor) at 16:30

3rd period

2. Comets , Tyler Kennedy 21 (Jay Beagle) at 2:54 (PP)
3. Rampage , Daniel Briere 15 (Tomas Kundratek, Christian Thomas) at 7:36 (PP)

Penalties :
Dillon Simpson (SAN) for Hooking (Minor) at 2:18, Liam O'Brien (SAN) for Hooking (Minor) at 3:35, Adam Pardy (UTI) for Tripping (Minor) at 6:13, Connor Brickley (SAN) for Tripping (Minor) at 7:59, Corbin McPherson (UTI) for Slashing (Minor) at 12:26, Liam O'Brien (SAN) for Hooking (Minor) at 15:03

Goalie Stats

Mike Condon (UTI), 25 saves from 27 shots - (0.926), L, 41-18-13, 60:00 minutes
Viktor Fasth (SAN), 18 saves from 19 shots - (0.947), W, 10-6-7, 60:00 minutes

Players Stats for Comets

Player Name              G  A  P  +/- PIM S  H  SB GA TA FO     MP     PP MP  PK MP  
------------------------------------------------------------------------------------
Adam Pardy               0  0  0   0  2   2  2  3  1  2  0/0    25:17   6:06   1:35 
Andrew Ference           0  0  0   0  0   0  3  3  0  1  0/0    24:51   6:06   1:35 
Ben Hanowski             0  0  0   0  0   0  1  1  3  0  1/2    15:30   2:17   0:51 
Corbin McPherson         0  0  0   0  2   0  0  4  0  1  0/0    21:24   4:25   4:26 
Derek Meech              0  0  0  -1  0   0  0  2  0  1  0/0    12:25   0:00   0:00 
Dylan McIlrath           0  0  0  -1  0   1  0  0  0  0  0/0    14:11   0:00   1:19 
Jared Boll               0  0  0  -1  9   2  2  0  0  4  0/2    17:21   4:48   0:00 
Jay Beagle               0  1  1   0  0   6  1  1  4  0  14/22  22:36   4:27   3:45 
Jeremy Welsh             0  0  0  -1  0   1  1  0  0  0  7/16   19:55   5:35   0:00 
Kent Huskins             0  0  0   0  0   1  2  3  0  1  0/0    22:44   4:25   5:45 
Landon Ferraro           0  0  0   0  0   0  0  1  0  0  0/0     4:36   0:22   0:02 
Mat Clark                0  0  0   0  0   0  0  0  0  0  0/0     0:00   0:00   0:00 
Mike Sislo               0  0  0   0  0   2  1  0  2  0  0/0    21:02   4:34   1:08 
Nicklas Jensen           0  0  0   0  0   1  1  0  2  0  1/1    13:46   1:00   0:00 
Reid Boucher             0  0  0   0  0   0  0  0  0  0  0/0     0:30   0:00   0:00 
Scott Glennie            0  0  0   0  0   0  1  1  0  1  0/0    13:20   0:23   3:07 
Sven Baertschi           0  0  0  -1  0   1  0  0  8  0  0/2    20:37   5:15   1:08 
Tyler Kennedy            1  0  1   0  0   2  0  0  0  0  0/0    22:30   2:52   4:39 

Players Stats for Rampage

Player Name              G  A  P  +/- PIM S  H  SB GA TA FO     MP     PP MP  PK MP  
------------------------------------------------------------------------------------
Benn Ferriero            0  0  0   1  0   0  2  0  1  0  4/4    16:33   0:00   3:43 
Bryan Rust               0  0  0   0  0   3  3  0  5  1  0/0    20:23   3:25   3:03 
Christian Thomas         0  1  1   0  0   1  0  1  5  0  0/2    22:24   3:49   6:14 
Connor Brickley          1  0  1   1  4   3  3  0  4  0  4/9    15:32   0:23   0:00 
Daniel Briere            1  1  2   1  0   5  1  2  0  2  6/15   23:03   3:32   4:42 
Dillon Simpson           0  0  0   0  4   1  0  1  0  0  0/0    14:08   0:00   0:57 
Joel Chouinard           0  0  0   0  0   1  1  0  0  0  0/0     2:24   0:00   0:48 
Jordan Szwarz            0  0  0   0  0   1  0  0  0  0  0/0     2:29   0:00   0:00 
Keaton Ellerby           0  0  0   0  0   1  3  0  0  1  0/0    26:47   4:06   5:24 
Ladislav Smid            0  0  0   0  0   2  1  0  1  4  0/0    29:32   4:06   5:24 
Liam O'Brien             0  0  0   0  4   3  4  1  2  0  0/0    19:31   3:49   1:50 
Matthew Corrente         0  0  0   0  0   0  0  0  0  0  0/0     0:54   0:00   0:00 
Max Friberg              0  0  0   0  0   1  1  0  1  0  0/2    18:47   3:31   0:00 
Ryan Hartman             0  0  0   0  0   0  0  0  0  0  0/0     1:21   0:00   0:00 
Scott Mayfield           0  0  0   1  0   0  5  0  0  0  0/0    25:05   3:14   4:19 
Tanner Richard           0  0  0   0  0   1  0  1  0  0  2/4    10:17   0:00   1:30 
Tomas Kundratek          0  1  1   1  5   1  1  1  1  2  0/0    21:52   3:14   4:25 
William Nylander         0  0  0   0  0   3  1  0  1  0  6/9    18:35   3:31   0:00 

3 Stars

1 - Daniel Briere (SAN)
2 - Viktor Fasth (SAN)
3 - Tyler Kennedy (UTI)

Power Play

Comets - 1 on 6 Attempt(s) - 16.67%
Rampage - 1 on 4 Attempt(s) - 25.00%

Penalty Kill

Comets - 3 on 4 Attempt(s) - 75.00% - Score 0 goal in Penalty Kill
Rampage - 5 on 6 Attempt(s) - 83.33% - Score 0 goal in Penalty Kill

Team Stat

Comets - Hits : 15 - Faceoff Wins : 23 - Blocked Shots : 19 - Penalty Minutes : 13
Rampage - Hits : 26 - Faceoff Wins : 22 - Blocked Shots : 7 - Penalty Minutes : 17

Official

Referees : Unknown
Linesman : Unknown

Game Notes

Tomas Kundratek beats up Jared Boll at 6:30 of 2nd period

Finance

Level 1 -- Attendance: 1386 (69.30%) -- Ticket Income $45,738
Level 2 -- Attendance: 714 (71.40%) -- Ticket Income $9,282
Total Attendance: 2100 (70.00%)
Total Ticket Income: $55,020
Other Income: $26,960
Total Income: $81,980

Comets

5 vs 5 Forward 
   Center                   Left Wing                Right Wing               Time % Phy DF OF 
 1 Jay Beagle               Tyler Kennedy            Mike Sislo               35     1   2  2  
 2 Jeremy Welsh             Sven Baertschi           Jared Boll               30     1   2  2  
 3 Jay Beagle               Ben Hanowski             Nicklas Jensen           22     1   2  2  
 4 Tyler Kennedy            Mike Sislo               Scott Glennie            13     1   2  2  

5 vs 5 Defense 
   Defense                  Defense                                           Time % Phy DF OF 
 1 Andrew Ference           Adam Pardy                                        35     1   2  2  
 2 Kent Huskins             Corbin McPherson                                  30     1   2  2  
 3 Derek Meech              Dylan McIlrath                                    22     1   2  2  
 4 Andrew Ference           Adam Pardy                                        13     1   2  2  

PowerPlay Forward 
   Center                   Left Wing                Right Wing               Time % Phy DF OF 
 1 Jay Beagle               Tyler Kennedy            Mike Sislo               60     1   2  2  
 2 Jeremy Welsh             Sven Baertschi           Jared Boll               40     1   2  2  

PowerPlay Defense
   Defense                  Defense                                           Time % Phy DF OF 
 1 Andrew Ference           Adam Pardy                                        60     1   2  2  
 2 Kent Huskins             Corbin McPherson                                  40     1   2  2  

Penalty Kill 4 Players Forward 
   Center                   Wing                     Time % Phy DF OF 
 1 Jay Beagle               Tyler Kennedy            60     1   2  2  
 2 Mike Sislo               Sven Baertschi           40     1   2  2  

Penalty Kill 4 Players Defense
   Defense                  Defense                  Time % Phy DF OF 
 1 Andrew Ference           Adam Pardy               60     1   2  2  
 2 Kent Huskins             Corbin McPherson         40     1   2  2  

Penalty Kill - 3 Players Forward 
   Forward                                           Time % Phy DF OF 
 1 Jay Beagle                                        60     1   2  2  
 2 Tyler Kennedy                                     40     1   2  2  

Penalty Kill - 3 Players Defense
   Defense                  Defense                  Time % Phy DF OF 
 1 Andrew Ference           Adam Pardy               60     1   2  2  
 2 Kent Huskins             Corbin McPherson         40     1   2  2  

4 vs 4 Forward 
   Center                   Wing                     Time % Phy DF OF 
 1 Jay Beagle               Tyler Kennedy            60     1   2  2  
 2 Mike Sislo               Sven Baertschi           40     1   2  2  

4 vs 4 Defense
   Defense                  Defense                  Time % Phy DF OF 
 1 Andrew Ference           Adam Pardy               60     1   2  2  
 2 Kent Huskins             Corbin McPherson         40     1   2  2  

Last Minutes Offensive
   Center                   Left Wing                Right Wing               Defense                  Defense                  
   Jay Beagle               Tyler Kennedy            Mike Sislo               Andrew Ference           Adam Pardy               

Last Minutes Defensive
   Center                   Left Wing                Right Wing               Defense                  Defense                  
   Jay Beagle               Tyler Kennedy            Mike Sislo               Andrew Ference           Adam Pardy               

Goaltenders
Starting : Mike Condon              
Backup : Chris Driedger           

Extra Forwards
Normal : Ben Hanowski, Nicklas Jensen, Scott Glennie - PP : Ben Hanowski, Nicklas Jensen - PK : Scott Glennie
Extra Defensemen
Normal : Derek Meech, Dylan McIlrath, Kent Huskins - PP : Derek Meech - PK : Dylan McIlrath, Kent Huskins
Penalty Shots
Jay Beagle, Tyler Kennedy, Mike Sislo, Sven Baertschi, Jared Boll

Rampage

5 vs 5 Forward 
   Center                   Left Wing                Right Wing               Time % Phy DF OF 
 1 Daniel Briere            Liam O'Brien             Christian Thomas         35     1   2  2  
 2 William Nylander         Bryan Rust               Max Friberg              30     1   2  2  
 3 Connor Brickley          Daniel Briere            Benn Ferriero            22     1   2  2  
 4 Tanner Richard           Daniel Briere            Christian Thomas         13     1   2  2  

5 vs 5 Defense 
   Defense                  Defense                                           Time % Phy DF OF 
 1 Ladislav Smid            Keaton Ellerby                                    35     1   2  2  
 2 Scott Mayfield           Tomas Kundratek                                   30     1   2  2  
 3 Ladislav Smid            Dillon Simpson                                    22     1   2  2  
 4 Ladislav Smid            Keaton Ellerby                                    13     1   2  2  

PowerPlay Forward 
   Center                   Left Wing                Right Wing               Time % Phy DF OF 
 1 Daniel Briere            Liam O'Brien             Christian Thomas         60     1   2  2  
 2 William Nylander         Bryan Rust               Max Friberg              40     1   2  2  

PowerPlay Defense
   Defense                  Defense                                           Time % Phy DF OF 
 1 Ladislav Smid            Keaton Ellerby                                    60     1   2  2  
 2 Scott Mayfield           Tomas Kundratek                                   40     1   2  2  

Penalty Kill 4 Players Forward 
   Center                   Wing                     Time % Phy DF OF 
 1 Daniel Briere            Christian Thomas         60     1   2  2  
 2 Liam O'Brien             Bryan Rust               40     1   2  2  

Penalty Kill 4 Players Defense
   Defense                  Defense                  Time % Phy DF OF 
 1 Ladislav Smid            Keaton Ellerby           60     1   2  2  
 2 Scott Mayfield           Tomas Kundratek          40     1   2  2  

Penalty Kill - 3 Players Forward 
   Forward                                           Time % Phy DF OF 
 1 Daniel Briere                                     60     1   2  2  
 2 Christian Thomas                                  40     1   2  2  

Penalty Kill - 3 Players Defense
   Defense                  Defense                  Time % Phy DF OF 
 1 Ladislav Smid            Keaton Ellerby           60     1   2  2  
 2 Scott Mayfield           Tomas Kundratek          40     1   2  2  

4 vs 4 Forward 
   Center                   Wing                     Time % Phy DF OF 
 1 Daniel Briere            Christian Thomas         60     1   2  2  
 2 Liam O'Brien             Bryan Rust               40     1   2  2  

4 vs 4 Defense
   Defense                  Defense                  Time % Phy DF OF 
 1 Ladislav Smid            Keaton Ellerby           60     1   2  2  
 2 Scott Mayfield           Tomas Kundratek          40     1   2  2  

Last Minutes Offensive
   Center                   Left Wing                Right Wing               Defense                  Defense                  
   Daniel Briere            Liam O'Brien             Christian Thomas         Ladislav Smid            Keaton Ellerby           

Last Minutes Defensive
   Center                   Left Wing                Right Wing               Defense                  Defense                  
   Daniel Briere            Liam O'Brien             Christian Thomas         Ladislav Smid            Keaton Ellerby           

Goaltenders
Starting : Viktor Fasth             
Backup : FARM GOALIE5             

Extra Forwards
Normal : Daniel Briere, Connor Brickley, Benn Ferriero - PP : Daniel Briere, Connor Brickley - PK : Benn Ferriero
Extra Defensemen
Normal : Ladislav Smid, Dillon Simpson, Scott Mayfield - PP : Ladislav Smid - PK : Dillon Simpson, Scott Mayfield
Penalty Shots
Daniel Briere, Christian Thomas, Liam O'Brien, Bryan Rust, Max Friberg

% Time on Ice - Comets

Lines # - Real PCT - Wanted PCT - Time Play
Normal Forward
1 - 26% - 35% - 10:38
2 - 34% - 30% - 14:11
3 - 24% - 22% - 9:52
4 - 16% - 13% - 6:30
Normal Defense
1 - 33% - 35% - 13:35
2 - 31% - 30% - 12:34
3 - 29% - 22% - 11:56
4 - 8% - 13% - 3:06
PP Forward
1 - 43% - 60% - 4:34
2 - 57% - 40% - 5:57
PP Defense
1 - 58% - 60% - 6:06
2 - 42% - 40% - 4:25
PK Forward
1 - 85% - 60% - 6:12
2 - 15% - 40% - 1:08
PK Defense
1 - 22% - 60% - 1:35
2 - 78% - 40% - 5:45
PK3 Forward
1 - 0% - 60%
2 - 0% - 40%
PK3 Defense
1 - 0% - 60%
2 - 0% - 40%
44 Forward
1 - 0% - 60%
2 - 0% - 40%
44 Defense
1 - 0% - 60%
2 - 0% - 40%
Last Minute Offensive  - 0:58
Last Minute Defensive  - 0:00
Total
Forward - 60:00
Defense - 60:00

% Time on Ice - Rampage

Lines # - Real PCT - Wanted PCT - Time Play
Normal Forward
1 - 23% - 35% - 9:35
2 - 36% - 30% - 14:48
3 - 28% - 22% - 11:31
4 - 13% - 13% - 5:23
Normal Defense
1 - 32% - 35% - 13:13
2 - 39% - 30% - 16:17
3 - 23% - 22% - 9:32
4 - 5% - 13% - 2:15
PP Forward
1 - 52% - 60% - 3:49
2 - 48% - 40% - 3:31
PP Defense
1 - 56% - 60% - 4:06
2 - 44% - 40% - 3:14
PK Forward
1 - 86% - 60% - 9:05
2 - 14% - 40% - 1:26
PK Defense
1 - 51% - 60% - 5:24
2 - 49% - 40% - 5:07
PK3 Forward
1 - 0% - 60%
2 - 0% - 40%
PK3 Defense
1 - 0% - 60%
2 - 0% - 40%
44 Forward
1 - 0% - 60%
2 - 0% - 40%
44 Defense
1 - 0% - 60%
2 - 0% - 40%
Last Minute Offensive  - 0:00
Last Minute Defensive  - 0:52
Total
Forward - 60:00
Defense - 60:00

Play by Play

1st period


0:01 of 1st period - Jay Beagle wins face-off versus Daniel Briere in neutral zone.
0:22 of 1st period - Slapshot by Tyler Kennedy.
0:22 of 1st period - Shot Misses the Net.
0:36 of 1st period - Slapshot by Jay Beagle.
0:36 of 1st period - Stopped by Viktor Fasth without a rebound.
0:37 of 1st period - William Nylander wins face-off versus Jeremy Welsh in Rampage zone.
1:50 of 1st period - Ladislav Smid is hit by Nicklas Jensen and loses puck.
2:05 of 1st period - Keaton Ellerby is hit by Scott Glennie.
2:29 of 1st period - Mike Sislo is hit by Bryan Rust and loses puck.
2:52 of 1st period - Liam O'Brien is hit by Jared Boll and loses puck.
3:05 of 1st period - Slapshot by Jared Boll.
3:05 of 1st period - Stopped by Viktor Fasth with a rebound.
3:07 of 1st period - Slapshot by Dylan McIlrath.
3:07 of 1st period - Stopped by Viktor Fasth without a rebound.
3:08 of 1st period - Nicklas Jensen wins face-off versus Connor Brickley in Rampage zone.
4:24 of 1st period - Adam Pardy is hit by Scott Mayfield and loses puck.
6:59 of 1st period - Snap shot by Daniel Briere.
6:59 of 1st period - Shot Blocked by Derek Meech.
7:24 of 1st period - Andrew Ference is hit by Scott Mayfield and loses puck.
8:07 of 1st period - Dillon Simpson is hit by Kent Huskins and loses puck.
8:43 of 1st period - Slapshot by Jordan Szwarz.
8:43 of 1st period - Stopped by Mike Condon with a rebound.
8:45 of 1st period - Slapshot by Keaton Ellerby.
8:45 of 1st period - Shot Blocked by Landon Ferraro.
8:47 of 1st period - Wrist shot by Jordan Szwarz.
8:47 of 1st period - Shot Misses the Net.
8:49 of 1st period - Slapshot by Joel Chouinard.
8:49 of 1st period - Stopped by Mike Condon without a rebound.
8:50 of 1st period - Tanner Richard wins face-off versus Jeremy Welsh in Comets zone.
9:06 of 1st period - Wrist shot by Jeremy Welsh.
9:06 of 1st period - Stopped by Viktor Fasth without a rebound.
9:07 of 1st period - Benn Ferriero wins face-off versus Jared Boll in Rampage zone.
9:07 of 1st period - Benn Ferriero is hit by Andrew Ference.
9:38 of 1st period - Snap shot by Mike Sislo.
9:38 of 1st period - Stopped by Viktor Fasth without a rebound.
9:39 of 1st period - William Nylander wins face-off versus Jay Beagle in Rampage zone.
9:56 of 1st period - Ladislav Smid is hit by Andrew Ference and loses puck.
10:05 of 1st period - Slapshot by Andrew Ference.
10:05 of 1st period - Shot Misses the Net.
10:07 of 1st period - Slapshot by Adam Pardy.
10:07 of 1st period - Shot Misses the Net.
10:23 of 1st period - Tyler Kennedy is hit by Scott Mayfield and loses puck.
11:17 of 1st period - Slapshot by Ladislav Smid.
11:17 of 1st period - Stopped by Mike Condon with a rebound.
11:25 of 1st period - William Nylander is hit by Ben Hanowski.
11:37 of 1st period - Andrew Ference is hit by Connor Brickley and loses puck.
12:00 of 1st period - Wrist shot by Jay Beagle.
12:00 of 1st period - Stopped by Viktor Fasth without a rebound.
12:01 of 1st period - Ben Hanowski wins face-off versus Tanner Richard in Rampage zone.
12:08 of 1st period - Wrist shot by Jay Beagle.
12:08 of 1st period - Shot Misses the Net.
12:10 of 1st period - Wrist shot by Jay Beagle.
12:10 of 1st period - Shot Blocked by Tanner Richard.
13:22 of 1st period - Nicklas Jensen is hit by Benn Ferriero and loses puck.
13:41 of 1st period - Snap shot by Bryan Rust.
13:41 of 1st period - Shot Blocked by Jay Beagle.
13:43 of 1st period - Slapshot by Keaton Ellerby.
13:43 of 1st period - Stopped by Mike Condon without a rebound.
13:44 of 1st period - William Nylander wins face-off versus Jeremy Welsh in Comets zone.
13:51 of 1st period - Wrist shot by Max Friberg.
13:51 of 1st period - Shot Misses the Net.
14:12 of 1st period - Keaton Ellerby is hit by Adam Pardy and loses puck.
14:21 of 1st period - Derek Meech is hit by Liam O'Brien and loses puck.
14:39 of 1st period - Corbin McPherson is hit by Benn Ferriero and loses puck.
15:41 of 1st period - Snap shot by Connor Brickley.
15:41 of 1st period - Stopped by Mike Condon with a rebound.
15:43 of 1st period - Backhand shot by Connor Brickley.
15:43 of 1st period - Deflect By Liam O'Brien.
15:43 of 1st period - Stopped by Mike Condon with a rebound.
15:45 of 1st period - Slapshot by Dillon Simpson.
15:45 of 1st period - Stopped by Mike Condon with a rebound.
15:47 of 1st period - Slapshot by Connor Brickley.
15:47 of 1st period - Shot Misses the Net.
16:01 of 1st period - Backhand shot by Tanner Richard.
16:01 of 1st period - Stopped by Mike Condon with a rebound.
16:03 of 1st period - Wrist shot by Ryan Hartman.
16:03 of 1st period - Shot Blocked by Adam Pardy.
16:05 of 1st period - Slapshot by Tomas Kundratek.
16:05 of 1st period - Stopped by Mike Condon with a rebound.
16:07 of 1st period - Wrist shot by Jordan Szwarz.
16:07 of 1st period - Deflect By Tanner Richard.
16:07 of 1st period - Shot Misses the Net.
16:07 of 1st period - Puck is out of play.
16:08 of 1st period - Jeremy Welsh wins face-off versus Tanner Richard in Comets zone.
16:55 of 1st period - Backhand shot by William Nylander.
16:55 of 1st period - Stopped by Mike Condon with a rebound.
17:55 of 1st period - Andrew Ference is hit by Joel Chouinard and loses puck.
19:06 of 1st period - Slapshot by Adam Pardy.
19:06 of 1st period - Shot Blocked by Tomas Kundratek.
19:38 of 1st period - Benn Ferriero is hit by Jay Beagle and loses puck.
Goals for this period are 0 for Comets vs 0 for Rampage.
Shots for this period are 6 for Comets vs 10 for Rampage.

2nd period


0:01 of 2nd period - Jay Beagle wins face-off versus Daniel Briere in neutral zone.
0:22 of 2nd period - Snap shot by Tyler Kennedy.
0:22 of 2nd period - Stopped by Viktor Fasth with a rebound.
1:14 of 2nd period - Tomas Kundratek is hit by Jared Boll.
1:21 of 2nd period - Minor Penalty to Jared Boll for Roughing.
1:22 of 2nd period - Jay Beagle wins face-off versus Daniel Briere in Comets zone.
1:22 of 2nd period - Jay Beagle is hit by Scott Mayfield.
1:45 of 2nd period - Kent Huskins is hit by Liam O'Brien and loses puck.
3:08 of 2nd period - Jay Beagle is hit by Ladislav Smid and loses puck.
3:21 of 2nd period - Penalty to Jared Boll is over, Jared Boll is back on ice.
3:53 of 2nd period - Slapshot by Connor Brickley.
3:53 of 2nd period - Stopped by Mike Condon without a rebound.
3:54 of 2nd period - Connor Brickley wins face-off versus Jeremy Welsh in Comets zone.
4:01 of 2nd period - Snap shot by Connor Brickley.
4:01 of 2nd period - Goal by Connor Brickley - Comets : 0 - Rampage : 1.
4:02 of 2nd period - Jeremy Welsh wins face-off versus Connor Brickley in neutral zone.
4:05 of 2nd period - Sven Baertschi is hit by Keaton Ellerby and loses puck.
4:13 of 2nd period - Minor Penalty to Jared Boll for Tripping.
4:14 of 2nd period - Jay Beagle wins face-off versus Daniel Briere in Comets zone.
4:56 of 2nd period - Andrew Ference is hit by William Nylander and loses puck.
5:07 of 2nd period - Tyler Kennedy is hit by Bryan Rust and loses puck.
5:27 of 2nd period - Jay Beagle is hit by Daniel Briere and loses puck.
5:40 of 2nd period - Wrist shot by William Nylander.
5:40 of 2nd period - Stopped by Mike Condon with a rebound.
6:02 of 2nd period - Slapshot by Christian Thomas.
6:02 of 2nd period - Shot Misses the Net.
6:04 of 2nd period - Slapshot by Scott Mayfield.
6:04 of 2nd period - Shot Misses the Net.
6:13 of 2nd period - Penalty to Jared Boll is over, Jared Boll is back on ice.
6:30 of 2nd period - Tomas Kundratek beats up Jared Boll.
6:30 of 2nd period - Penalty to Tomas Kundratek for Fighting.
6:30 of 2nd period - Penalty to Jared Boll for Fighting.
6:31 of 2nd period - William Nylander wins face-off versus Jeremy Welsh in neutral zone.
6:49 of 2nd period - Slapshot by Adam Pardy.
6:49 of 2nd period - Deflect By Sven Baertschi.
6:49 of 2nd period - Stopped by Viktor Fasth with a rebound.
6:51 of 2nd period - Slapshot by Adam Pardy.
6:51 of 2nd period - Stopped by Viktor Fasth with a rebound.
6:53 of 2nd period - Slapshot by Adam Pardy.
6:53 of 2nd period - Stopped by Viktor Fasth without a rebound.
6:54 of 2nd period - Connor Brickley wins face-off versus Jeremy Welsh in Rampage zone.
7:03 of 2nd period - Ben Hanowski is hit by Connor Brickley and loses puck.
7:18 of 2nd period - Ladislav Smid is hit by Jeremy Welsh and loses puck.
7:47 of 2nd period - Mike Sislo is hit by Max Friberg.
7:59 of 2nd period - Adam Pardy is hit by Liam O'Brien and loses puck.
8:50 of 2nd period - Wrist shot by Tyler Kennedy.
8:50 of 2nd period - Shot Blocked by Dillon Simpson.
8:52 of 2nd period - Snap shot by Mike Sislo.
8:52 of 2nd period - Stopped by Viktor Fasth without a rebound.
8:53 of 2nd period - William Nylander wins face-off versus Jay Beagle in Rampage zone.
9:36 of 2nd period - Corbin McPherson is hit by Bryan Rust and loses puck.
9:41 of 2nd period - Wrist shot by Bryan Rust.
9:41 of 2nd period - Shot Blocked by Corbin McPherson.
9:43 of 2nd period - Slapshot by Ladislav Smid.
9:43 of 2nd period - Shot Misses the Net.
10:01 of 2nd period - Minor Penalty to Connor Brickley for Hooking.
10:02 of 2nd period - Jeremy Welsh wins face-off versus Daniel Briere in Rampage zone.
10:13 of 2nd period - Keaton Ellerby is hit by Adam Pardy and loses puck.
10:32 of 2nd period - Jay Beagle is hit by Keaton Ellerby and loses puck.
11:30 of 2nd period - Penalty to Tomas Kundratek is over, Tomas Kundratek is back on ice.
11:34 of 2nd period - Benn Ferriero is hit by Mike Sislo and loses puck.
12:01 of 2nd period - Penalty to Connor Brickley is over, Connor Brickley is back on ice.
12:17 of 2nd period - Icing by Liam O'Brien.
12:18 of 2nd period - Tanner Richard wins face-off versus Jay Beagle in Rampage zone.
12:29 of 2nd period - Derek Meech is hit by Tomas Kundratek and loses puck.
12:49 of 2nd period - Wrist shot by Tyler Kennedy.
12:49 of 2nd period - Shot Misses the Net.
13:41 of 2nd period - Wrist shot by Liam O'Brien.
13:41 of 2nd period - Stopped by Mike Condon with a rebound.
13:43 of 2nd period - Wrist shot by Liam O'Brien.
13:43 of 2nd period - Shot Blocked by Derek Meech.
13:45 of 2nd period - Slapshot by William Nylander.
13:45 of 2nd period - Shot Misses the Net.
13:51 of 2nd period - Slapshot by Liam O'Brien.
13:51 of 2nd period - Stopped by Mike Condon with a rebound.
14:09 of 2nd period - Wrist shot by Daniel Briere.
14:09 of 2nd period - Shot Misses the Net.
14:31 of 2nd period - Snap shot by Tyler Kennedy.
14:31 of 2nd period - Shot Misses the Net.
14:33 of 2nd period - Wrist shot by Tyler Kennedy.
14:33 of 2nd period - Shot Blocked by Daniel Briere.
16:30 of 2nd period - Minor Penalty to Dillon Simpson for Hooking.
16:31 of 2nd period - Benn Ferriero wins face-off versus Jay Beagle in Rampage zone.
16:44 of 2nd period - Wrist shot by Jay Beagle.
16:44 of 2nd period - Shot Misses the Net.
16:46 of 2nd period - Wrist shot by Jay Beagle.
16:46 of 2nd period - Stopped by Viktor Fasth with a rebound.
16:48 of 2nd period - Wrist shot by Jay Beagle.
16:48 of 2nd period - Stopped by Viktor Fasth with a rebound.
16:50 of 2nd period - Wrist shot by Jay Beagle.
16:50 of 2nd period - Shot Misses the Net.
18:09 of 2nd period - Slapshot by Kent Huskins.
18:09 of 2nd period - Stopped by Viktor Fasth without a rebound.
18:10 of 2nd period - Benn Ferriero wins face-off versus Jeremy Welsh in Rampage zone.
18:30 of 2nd period - Penalty to Dillon Simpson is over, Dillon Simpson is back on ice.
19:39 of 2nd period - Wrist shot by William Nylander.
19:39 of 2nd period - Deflect By Connor Brickley.
19:39 of 2nd period - Shot Misses the Net.
19:39 of 2nd period - Puck is out of play.
19:40 of 2nd period - William Nylander wins face-off versus Sven Baertschi in Comets zone.
Goals for this period are 0 for Comets vs 1 for Rampage.
Shots for this period are 8 for Comets vs 5 for Rampage.

3rd period


0:01 of 3rd period - Jay Beagle wins face-off versus Daniel Briere in neutral zone.
0:04 of 3rd period - Liam O'Brien is hit by Andrew Ference and loses puck.
0:18 of 3rd period - Off-side.
0:19 of 3rd period - Daniel Briere wins face-off versus Jay Beagle in neutral zone.
0:26 of 3rd period - Slapshot by Daniel Briere.
0:26 of 3rd period - Stopped by Mike Condon with a rebound.
0:28 of 3rd period - Slapshot by Ladislav Smid.
0:28 of 3rd period - Shot Blocked by Andrew Ference.
1:06 of 3rd period - Snap shot by Max Friberg.
1:06 of 3rd period - Stopped by Mike Condon with a rebound.
1:08 of 3rd period - Snap shot by Scott Mayfield.
1:08 of 3rd period - Shot Blocked by Andrew Ference.
2:18 of 3rd period - Minor Penalty to Dillon Simpson for Hooking.
2:19 of 3rd period - Jeremy Welsh wins face-off versus Christian Thomas in Rampage zone.
2:21 of 3rd period - Wrist shot by Jared Boll.
2:21 of 3rd period - Deflect By Jeremy Welsh.
2:21 of 3rd period - Shot Blocked by Christian Thomas.
2:21 of 3rd period - Puck is out of play.
2:22 of 3rd period - Jeremy Welsh wins face-off versus Daniel Briere in Rampage zone.
2:29 of 3rd period - Wrist shot by Sven Baertschi.
2:29 of 3rd period - Shot Misses the Net.
2:46 of 3rd period - Snap shot by Christian Thomas.
2:46 of 3rd period - Shot Blocked by Andrew Ference.
2:48 of 3rd period - Wrist shot by Daniel Briere.
2:48 of 3rd period - Stopped by Mike Condon without a rebound.
2:49 of 3rd period - Jay Beagle wins face-off versus Daniel Briere in Comets zone.
2:54 of 3rd period - Slapshot by Tyler Kennedy.
2:54 of 3rd period - Goal by Tyler Kennedy - Comets : 1 - Rampage : 1.
2:55 of 3rd period - Jay Beagle wins face-off versus Max Friberg in neutral zone.
3:06 of 3rd period - Wrist shot by Bryan Rust.
3:06 of 3rd period - Shot Blocked by Kent Huskins.
3:08 of 3rd period - Wrist shot by Max Friberg.
3:08 of 3rd period - Shot Misses the Net.
3:10 of 3rd period - Slapshot by Ladislav Smid.
3:10 of 3rd period - Stopped by Mike Condon with a rebound.
3:20 of 3rd period - Backhand shot by Bryan Rust.
3:20 of 3rd period - Shot Blocked by Kent Huskins.
3:22 of 3rd period - Wrist shot by Max Friberg.
3:22 of 3rd period - Shot Blocked by Corbin McPherson.
3:24 of 3rd period - Wrist shot by William Nylander.
3:24 of 3rd period - Shot Misses the Net.
3:26 of 3rd period - Snap shot by Bryan Rust.
3:26 of 3rd period - Stopped by Mike Condon without a rebound.
3:27 of 3rd period - Daniel Briere wins face-off versus Sven Baertschi in Comets zone.
3:35 of 3rd period - Minor Penalty to Liam O'Brien for Hooking.
3:36 of 3rd period - Daniel Briere wins face-off versus Jay Beagle in Rampage zone.
4:21 of 3rd period - Off-side.
4:22 of 3rd period - Daniel Briere wins face-off versus Jeremy Welsh in neutral zone.
4:33 of 3rd period - Wrist shot by Jared Boll.
4:33 of 3rd period - Stopped by Viktor Fasth with a rebound.
5:17 of 3rd period - Slapshot by Andrew Ference.
5:17 of 3rd period - Shot Misses the Net.
5:27 of 3rd period - Adam Pardy is hit by Scott Mayfield and loses puck.
5:35 of 3rd period - Penalty to Liam O'Brien is over, Liam O'Brien is back on ice.
5:51 of 3rd period - Wrist shot by William Nylander.
5:51 of 3rd period - Shot Blocked by Adam Pardy.
5:53 of 3rd period - Slapshot by Keaton Ellerby.
5:53 of 3rd period - Shot Blocked by Adam Pardy.
5:55 of 3rd period - Wrist shot by Bryan Rust.
5:55 of 3rd period - Stopped by Mike Condon with a rebound.
6:13 of 3rd period - Minor Penalty to Adam Pardy for Tripping.
6:14 of 3rd period - Jay Beagle wins face-off versus Max Friberg in Comets zone.
6:25 of 3rd period - Tyler Kennedy is hit by Keaton Ellerby and loses puck.
6:30 of 3rd period - Wrist shot by Bryan Rust.
6:30 of 3rd period - Shot Blocked by Scott Glennie.
6:32 of 3rd period - Wrist shot by William Nylander.
6:32 of 3rd period - Shot Blocked by Kent Huskins.
7:32 of 3rd period - Snap shot by Daniel Briere.
7:32 of 3rd period - Stopped by Mike Condon with a rebound.
7:34 of 3rd period - Slapshot by Tomas Kundratek.
7:34 of 3rd period - Shot Blocked by Corbin McPherson.
7:36 of 3rd period - Wrist shot by Daniel Briere.
7:36 of 3rd period - Goal by Daniel Briere - Comets : 1 - Rampage : 2.
7:37 of 3rd period - Connor Brickley wins face-off versus Jeremy Welsh in neutral zone.
7:40 of 3rd period - Snap shot by Daniel Briere.
7:40 of 3rd period - Shot Misses the Net.
7:42 of 3rd period - Slapshot by Connor Brickley.
7:42 of 3rd period - Deflect By Daniel Briere.
7:42 of 3rd period - Stopped by Mike Condon with a rebound.
7:59 of 3rd period - Minor Penalty to Connor Brickley for Tripping.
8:00 of 3rd period - Daniel Briere wins face-off versus Jared Boll in Rampage zone.
8:36 of 3rd period - Slapshot by Christian Thomas.
8:36 of 3rd period - Shot Misses the Net.
8:38 of 3rd period - Snap shot by Christian Thomas.
8:38 of 3rd period - Shot Misses the Net.
8:40 of 3rd period - Wrist shot by Christian Thomas.
8:40 of 3rd period - Stopped by Mike Condon with a rebound.
9:13 of 3rd period - Icing by Jay Beagle.
9:14 of 3rd period - Jay Beagle wins face-off versus Daniel Briere in Comets zone.
9:59 of 3rd period - Penalty to Connor Brickley is over, Connor Brickley is back on ice.
10:00 of 3rd period - Icing by Keaton Ellerby.
10:01 of 3rd period - Jay Beagle wins face-off versus Connor Brickley in Rampage zone.
10:28 of 3rd period - Slapshot by Jay Beagle.
10:28 of 3rd period - Deflect By Ladislav Smid.
10:28 of 3rd period - Stopped by Viktor Fasth with a rebound.
10:32 of 3rd period - Snap shot by Jay Beagle.
10:32 of 3rd period - Shot Blocked by Liam O'Brien.
11:34 of 3rd period - Off-side.
11:35 of 3rd period - Jay Beagle wins face-off versus William Nylander in neutral zone.
11:44 of 3rd period - Wrist shot by Nicklas Jensen.
11:44 of 3rd period - Stopped by Viktor Fasth without a rebound.
11:45 of 3rd period - Jay Beagle wins face-off versus Connor Brickley in Rampage zone.
11:48 of 3rd period - Snap shot by Jay Beagle.
11:48 of 3rd period - Stopped by Viktor Fasth without a rebound.
11:49 of 3rd period - Connor Brickley wins face-off versus Jay Beagle in Rampage zone.
12:16 of 3rd period - Bryan Rust is hit by Kent Huskins and loses puck.
12:26 of 3rd period - Minor Penalty to Corbin McPherson for Slashing.
12:27 of 3rd period - Daniel Briere wins face-off versus Jay Beagle in Comets zone.
12:46 of 3rd period - Andrew Ference is hit by Liam O'Brien and loses puck.
14:26 of 3rd period - Penalty to Corbin McPherson is over, Corbin McPherson is back on ice.
14:52 of 3rd period - Slapshot by Ladislav Smid.
14:52 of 3rd period - Deflect By Benn Ferriero.
14:52 of 3rd period - Shot Blocked by Corbin McPherson.
14:52 of 3rd period - Puck is out of play.
14:53 of 3rd period - Jeremy Welsh wins face-off versus Connor Brickley in Comets zone.
15:03 of 3rd period - Minor Penalty to Liam O'Brien for Hooking.
15:04 of 3rd period - Jeremy Welsh wins face-off versus Christian Thomas in Rampage zone.
15:13 of 3rd period - Snap shot by Jared Boll.
15:13 of 3rd period - Shot Misses the Net.
15:15 of 3rd period - Slapshot by Andrew Ference.
15:15 of 3rd period - Shot Blocked by Daniel Briere.
15:20 of 3rd period - Snap shot by Andrew Ference.
15:20 of 3rd period - Shot Misses the Net.
15:22 of 3rd period - Slapshot by Andrew Ference.
15:22 of 3rd period - Shot Hit the Post.
17:03 of 3rd period - Penalty to Liam O'Brien is over, Liam O'Brien is back on ice.
17:46 of 3rd period - Snap shot by William Nylander.
17:46 of 3rd period - Stopped by Mike Condon without a rebound.
17:47 of 3rd period - Jay Beagle wins face-off versus William Nylander in Comets zone.
17:52 of 3rd period - Wrist shot by William Nylander.
17:52 of 3rd period - Deflect By Bryan Rust.
17:52 of 3rd period - Stopped by Mike Condon with a rebound.
17:54 of 3rd period - Snap shot by Dillon Simpson.
17:54 of 3rd period - Deflect By William Nylander.
17:54 of 3rd period - Shot Misses the Net.
17:54 of 3rd period - Puck is out of play.
17:55 of 3rd period - Jay Beagle wins face-off versus William Nylander in Comets zone.
18:17 of 3rd period - Adam Pardy is hit by Connor Brickley and loses puck.
19:20 of 3rd period - Wrist shot by Christian Thomas.
19:20 of 3rd period - Shot Blocked by Ben Hanowski.
19:30 of 3rd period - Snap shot by Liam O'Brien.
19:30 of 3rd period - Deflect By Christian Thomas.
19:30 of 3rd period - Shot Misses the Net.
19:30 of 3rd period - Puck is out of play.
19:31 of 3rd period - Doug Houda call a timeout for Comets.
19:31 of 3rd period - Benn Ferriero wins face-off versus Ben Hanowski in Comets zone.
Goals for this period are 1 for Comets vs 1 for Rampage.
Shots for this period are 5 for Comets vs 12 for Rampage.